 Dungeon Crawl Stone Soup version 0.31-a0-455-g1a7b003ef0 (webtiles) character file.

Game seed: 10192179612406009121

166 Hubris850 the Chiller (level 5, -1/35 HPs)
             Began as a Merfolk Ice Elementalist on Aug 3, 2023.
             Slain by a shadow imp (4 damage)
             ... summoned by Eustachio
             ... on level 3 of the Dungeon.
             The game lasted 00:08:36 (2991 turns).

Hubris850 the Chiller (Merfolk Ice Elementalist)    Turns: 2991, Time: 00:08:36

Health: -1/35      AC:  5    Str:  9    XL:     5   Next: 47%
Magic:  5/10       EV: 11    Int: 16    God:
Gold:   124        SH:  0    Dex: 14    Spells: 6/10 levels left

rFire   . . .        r - +4 dagger
rCold   . . .        (no shield)
rNeg    . . .        h - +0 ring mail
rPois   .            (no helmet)
rElec   .            (no cloak)
rCorr   .            (no gloves)
SInv    .            (no boots)
Will    .....        (no amulet)
Stlth   ++           (no ring)
HPRegen 0.25/turn    (no ring)
MPRegen 0.12/turn

%: no passive effects
@: lethally poisoned (-1 -> -6), very slightly contaminated
A: (nimble swimmer 2), mertail
a: no special abilities


You were on level 3 of the Dungeon.
You visited 1 branch of the dungeon, and saw 4 of its levels.

You collected 124 gold pieces.

Inventory:

Hand Weapons
 e - a +0 club
 i - a +0 dagger
 r - a +4 dagger (weapon)
Missiles
 d - a curare-tipped dart
 f - 2 javelins
 t - 4 poisoned darts
Armour
 a - a +0 robe
 h - a +0 ring mail (worn)
Magical Staves
 y - a staff of fire
Talismans
 n - a beast talisman
Wands
 w - a wand of polymorph (6)
 x - a wand of paralysis (4)
Scrolls
 c - a scroll of acquirement {unknown}
 k - 3 scrolls of identify {unknown}
 l - a scroll of blinking {unknown}
 m - a scroll of fog {unknown}
 o - a scroll of silence {unknown}
 q - a scroll of immolation {unknown}
 s - 2 scrolls of poison {unknown}
 u - a scroll of teleportation {unknown}
 v - a scroll of noise {unknown}
Potions
 b - a potion of magic
 j - a potion of brilliance {unknown}
 p - a potion of haste {unknown}


   Skills:
 - Level 3.8 Dodging
 - Level 3.0 Stealth
 + Level 3.3 Spellcasting
 + Level 5.6 Ice Magic


You had 6 spell levels left.
You knew the following spells:

 Your Spells              Type           Power      Damage    Failure   Level
a - Freeze                Ice            80%        1d9       4%          1
b - Frozen Ramparts       Ice            40%        1d7       16%         3

Your spell library contained the following spells:

 Spells                   Type           Power      Damage    Failure   Level
 Ozocubu's Armour         Ice            20%        N/A       16%         3
 Sandblast                Erth           4%         2d4       45%         1
 Cigotuvi's Dreadful Rot  Necr/Pois/Air  4%         N/A       58%         2
 Passwall                 Tmut/Erth      1%         N/A       58%         2
 Inner Flame              Hex/Fire       2%         N/A       83%         3
 Stone Arrow              Conj/Erth      4%         3d7       83%         3
 Summon Ice Beast         Ice/Summ       11%        N/A       85%         4
 Dispel Undead            Necr           2%         3d7       99%         4
 Yara's Violent Unravell  Hex/Tmut       1%         3d3       100%        5
 Death Channel            Necr           1%         N/A       100%        6
 Enfeeble                 Hex            1%         N/A       100%        7


Dungeon Overview and Level Annotations

Branches:
Dungeon (4/15)
 Temple: D:4-7

Altars:

Annotations:
D:3 1 runed translucent door, Dittersdorf's ghost, amateur GrFi; Eustachio


Innate Abilities, Weirdness & Mutations

((You are very nimble when in or above water. (Stealth+, EV+, Speed+++)))
Your lower body shifts to a powerful aquatic tail in water.


Message History

The wall freezes the scorpion but does no damage.
The scorpion stings you.
You are poisoned.
The scorpion poisons you!
Throw: 4 darts (curare)
Press: ? - help, Shift-Dir - straight line, f/p - scorpion
Aim: a scorpion (lightly wounded, 54% to hit)
You throw a curare-tipped dart.
The curare-tipped dart closely misses the scorpion.
* * * LOW HITPOINT WARNING * * *
You feel very sick.
The wall freezes Eustachio.
The wall freezes the scorpion but does no damage.
The scorpion closely misses you.
The shadow imp completely resists.
The wall freezes the shadow imp but does no damage.
The shadow imp hits you but does no damage.
Throw: 3 darts (curare)
Press: ? - help, Shift-Dir - straight line, f/p - scorpion
Aim: a scorpion (lightly wounded, 54% to hit)
You throw a curare-tipped dart.
The curare-tipped dart barely misses the scorpion.
* * * LOW HITPOINT WARNING * * *
You feel sick.
The wall freezes Eustachio!
The wall freezes the scorpion but does no damage.
The scorpion stings you.
* * * LOW HITPOINT WARNING * * *
The shadow imp resists.
The wall freezes the shadow imp.
The shadow imp hits you.
* * * LOW HITPOINT WARNING * * *
Throw: 2 darts (curare)
Press: ? - help, Shift-Dir - straight line, f/p - scorpion
Aim: a scorpion (lightly wounded, 54% to hit)
You throw a curare-tipped dart.
The curare-tipped dart closely misses the scorpion.
The frozen ramparts melt away.
* * * LOW HITPOINT WARNING * * *
You feel sick.
The scorpion stings you but does no damage.
The shadow imp hits you.
You die...

# # ##### ....#
###.#
..#.##############
.<.......(.....s@#
###.#######.####5#
.....# #.# #@#
.##..# #.# #.#
.....# ###.####.#
.###.####.....##.#
......##.......#.##
.#.##.....###.....##
##[###...##W##.....#


You could see Eustachio, a scorpion and a shadow imp (summoned).

Vanquished Creatures
  An orc priest (D:3)
  5 adders
  2 worms
  3 dart slugs
  10 orcs (D:3)
  4 ball pythons
  5 bats
  5 endoplasms
  4 giant cockroaches
  7 goblins
  4 hobgoblins
  2 jackals (D:1)
  2 quokkas
  3 frilled lizards
  3 kobolds
  6 rats
66 creatures vanquished.

Notes
Turn   | Place    | Note
-------+----------+-------------------------------------------
     0 | D:1      | Hubris850 the Merfolk Ice Elementalist began the quest for
                  | the Orb.
     0 | D:1      | Reached XP level 1. HP: 13/13 MP: 3/3
   172 | D:1      | Reached XP level 2. HP: 12/19 MP: 1/5
   745 | D:1      | Reached XP level 3. HP: 24/24 MP: 3/6
   880 | D:1      | Learned a level 3 spell: Frozen Ramparts
  1307 | D:2      | Reached XP level 4. HP: 28/30 MP: 4/7
  1584 | D:2      | Reached skill level 5 in Ice Magic
  1853 | D:3      | Found a runed translucent door.
  1853 | D:3      | Noticed Dittersdorf's ghost (amateur GrFi)
  2277 | D:3      | Reached XP level 5. HP: 6/35 MP: 5/9
  2851 | D:4      | Noticed Eustachio
  2991 | D:3      | Slain by a shadow imp

Illustrated notes

Levels and vault maps discovered:
D:1:      evilmike_arrival_plus, layout_loops_ring
D:2:      layout_rooms, mrwooster_statue_mirror, minmay_curled_crystal
D:3:      layout_basic, hellmonk_ghost_happy_afterlife, palyth_stone_intersect,
          minmay_stone_trees_small
D:4:      layout_cave_pods, gup_sewer_entry_glass, gup_ossuary_entry_pyramid,
          serial_shops, nicolae_square_shop, patterned_corridor, uniq_robin,
          uniq_eustachio, uniq_natasha, uniq_duvessa

Skill      XL: |  1  2  3  4 |
---------------+-------------+-----
Dodging        | 3 |  3.8
Stealth        | 3 |  3.0
Ice Magic      | 5 |  5.6
Spellcasting   | 3 |  3.3

Action                     |  1- 3 |  4- 6 || total
---------------------------+-------+-------++-------
  Melee: Unarmed           |    32 |       ||    32
         Dagger            |    34 |   100 ||   134
         Club              |     3 |       ||     3
         Punch             |       |     1 ||     1
  Throw: Dart              |       |     4 ||     4
   Cast: Freeze            |    39 |    25 ||    64
         Frozen Ramparts   |       |     3 ||     3
    Use: Potion            |       |     3 ||     3
   Stab: Sleeping          |     6 |     1 ||     7
 Armour: Robe              |     3 |       ||     3
         Ring mail         |    33 |    45 ||    78
  Dodge: Dodged            |    58 |    55 ||   113

Table legend: (Time is in decaauts)
 A = Elapsed time spent in this place.
 B = Non-inter-level travel time spent in this place.
 C = Inter-level travel time spent in this place.
 D = Time resting spent in this place.
 E = Time spent auto-exploring this place.
 F = Levels seen in this place.
 G = Mean time per level.
                   A        B        C        D        E       F      G
               +--------+--------+--------+--------+--------+-----+--------+
         Total |   2992 |   2897 |     95 |    377 |   1865 |   4 |  748.0 |
       Dungeon |   2992 |   2897 |     95 |    377 |   1865 |   4 |  748.0 |
               +--------+--------+--------+--------+--------+-----+--------+

Top non-repeatable levels by time:
     D:3: 1167 daAuts
     D:1: 996 daAuts
     D:2: 821 daAuts
     D:4: 7 daAuts
